 Dungeon Crawl Stone Soup version 0.29.1-15-g9cfb28693d (webtiles) character file.

Game seed: 1927709020696408765

11349 ThatPearl the Severer (level 11, -11/101 HPs)
             Began as a Hill Orc Monk on Mar 24, 2023.
             Was an Elder of Beogh.
             Killed from afar by a gargoyle (24 damage)
             ... with a stone arrow
             ... on level 11 of the Dungeon on Mar 25, 2023.
             The game lasted 00:33:23 (12969 turns).

ThatPearl the Severer (Hill Orc Monk)              Turns: 12969, Time: 00:33:24

Health: -11/101    AC: 18    Str: 19    XL:     11   Next: 76%
Magic:  18/18      EV:  8    Int: 15    God:    Beogh [****..]
Gold:   805        SH:  0    Dex: 13    Spells: 10/10 levels left

rFire   . . .      SeeInvis .   M - +4 battleaxe
rCold   + . .      Faith    .   (shield currently unavailable)
rNeg    . . .      Spirit   .   c - +6 chain mail "Suin" {rC+ rCorr Int+2}
rPois   +          Reflect  .   s - +0 helmet {Int+3}
rElec   .          Harm     .   p - scarf {repulsion}
rCorr   +          Rampage  .   (no gloves)
Will    .....                   (no boots)
Stlth   ..........              J - amulet of regeneration
HPRegen 1.06/turn               F - ring of wizardry
MPRegen 0.16/turn               H - ring of poison resistance

@: repel missiles
A: no striking features
a: Renounce Religion, Smiting, Recall Orcish Followers


You were on level 11 of the Dungeon.
You worshipped Beogh.
Beogh was greatly pleased with you.
You visited 1 branch of the dungeon, and saw 11 of its levels.

You collected 805 gold pieces.

Inventory:

Hand Weapons
 b - a +0 sling
 k - a +5 war axe
 A - a +0 mace of holy wrath
 M - a +4 battleaxe (weapon)
 P - a +5 trident
Missiles
 d - 83 stones
 q - 2 throwing nets
 u - 20 poisoned darts
 B - 4 javelins
 N - 4 boomerangs (quivered)
Armour
 c - the +6 chain mail "Suin" (worn) {rC+ rCorr Int+2}
   (You took it off an orc on level 4 of the Dungeon)

   Int:       It affects your intelligence (+2).
   rC:        It protects you from cold.
   rCorr:     It protects you from acid and corrosion.
 p - a scarf of repulsion (worn)
 s - a +0 helmet of intelligence (worn)
 y - a scarf of resistance
 Q - a +0 kite shield
Jewellery
 F - a ring of wizardry (left hand)
 H - a ring of poison resistance (right hand)
 J - an amulet of regeneration (around neck)
 L - a ring of protection from cold
Wands
 r - a wand of light (2)
 t - a wand of mindburst (1)
Scrolls
 a - 2 scrolls of silence {unknown}
 f - 2 scrolls of fear
 g - a scroll of enchant armour {unknown}
 h - a scroll of vulnerability
 l - 2 scrolls of immolation
 m - a scroll of poison
 o - a scroll of amnesia {unknown}
 v - 3 scrolls of teleportation
 w - 2 scrolls of noise
 x - 2 scrolls of enchant weapon
 z - a scroll of magic mapping
 D - a scroll of torment
 K - a scroll of butterflies
Potions
 e - 2 potions of haste
 i - 2 potions of berserk rage
 j - a potion of lignification
 n - 4 potions of curing
 C - a potion of mutation
 E - 2 potions of brilliance
 G - 4 potions of flight
 I - 2 potions of heal wounds
 O - a potion of might
 R - a potion of resistance {unknown}


   Skills:
 + Level 10.9 Fighting
 * Level 15.6 Axes
 + Level 8.9 Armour
 - Level 2.4 Dodging
 - Level 1.5 Stealth
 + Level 10.0 Invocations


You had 10 spell levels left.
You didn't know any spells.
Your spell library contained the following spells:

 Spells                   Type           Power      Damage    Failure   Level
 Sting                    Tmut/Pois      0%         1d3       63%         1
 Poisonous Vapours        Pois/Air       0%         N/A       77%         2
 Inner Flame              Hex/Fire       0%         N/A       92%         3
 Cause Fear               Hex            0%         N/A       100%        4
 Corpse Rot               Necr/Pois/Air  0%         N/A       100%        4
 Dispel Undead            Necr           0%         3d6       100%        4
 Olgreb's Toxic Radiance  Pois           0%         N/A       100%        4
 Death Channel            Necr           0%         N/A       100%        6
 Discord                  Hex            0%         N/A       100%        8


Dungeon Overview and Level Annotations

Branches:
Dungeon (11/15)            Temple (0/1) D:4            Lair (0/5) D:10
    Orc (0/2) D:11

Altars:
Ashenzari
Elyvilon
Fedhas
Gozag
Kikubaaqudgha
Nemelex Xobeh
Okawaru
Qazlal
Trog
Uskayaw
Vehumet
Wu Jian
Xom
The Shining One
Beogh

Annotations:
D:3 3 runed translucent doors, Gelion's ghost, amateur FoFi
D:4 Blork the orc; Ijyb
D:8 3 runed translucent doors, SirLogeyBear's ghost, novice HOBe
D:10 Lodul


Message History

Boldo hits the kobold demonologist from afar with a +1 halberd!!
You barely miss the kobold demonologist.
The kobold demonologist is heavily wounded.
You hit the shadow imp. The shadow imp closely misses you.
Something hits you but does no damage.
Unknown command.
You hit the kobold demonologist but do no damage.
The kobold demonologist is heavily wounded.
You slash something! You closely miss the shadow imp. Something hits you.
Something misses Boldo.
The kobold demonologist hits you with a +0 dagger.
Boldo closely misses the kobold demonologist.
A gargoyle comes into view. It is wielding a +0 flail.
You slash the kobold demonologist!
You kill the kobold demonologist!
Beogh accepts your kill.
The shadow imp disappears in a puff of smoke! x2
Boldo looks more experienced.
Something hits you but does no damage.
Your Invocations skill increases to level 10!
Something completely misses you. Something hits you but does no damage.
Things that are here:
a +0 club; an orc corpse You closely miss something.
Something hits you but does no damage. x2
You closely miss something. Something hits you.
Something hits you but does no damage.
The gargoyle hurls a stone arrow at you.
The stone arrow hits you!!
* * * LOW HITPOINT WARNING * * *
Something hits you.
* * * LOW HITPOINT WARNING * * *
You see here a howler monkey corpse.
You barely miss the gargoyle. You hit something but do no damage.
Something hits you.
* * * LOW HITPOINT WARNING * * *
Boldo completely misses the gargoyle.
The gargoyle hurls a stone arrow at you.
The stone arrow hits you!!
You die...

............. ....
..............
#..######## #...... #..#
#..####
######..##########......
........................
.................####...
.!....)[.........# #..
......9@.).......# #.
........o.)......# .
..............##..#
..............##...#
.......)......#......
...................###
..................##
####.............


You could see a gargoyle (ally target) and the friendly Boldo the orc warrior.

Vanquished Creatures
  A two-headed ogre (D:10)
  A deep elf pyromancer (D:7)
  Pikel (D:8)
  A cyclops (D:8)
  An elephant (D:10)
  A gargoyle (D:7)
  An unseen horror (D:10)
  A kobold demonologist (D:11)
  2 trolls
  Sigmund (D:5)
  4 water elementals (D:10)
  A wyvern (D:9)
  10 yaks
  2 basilisks (D:10)
  Menkaure (D:4)
  An acid dragon (D:9)
  2 water moccasins
  A sky beast (D:8)
  2 orc warriors
  4 black bears
  2 ice beasts (D:7)
  8 ogres
  The ghost of croobank the Firebug, an amateur GnFE of Gozag (D:4)
  6 centaurs
  A lemure (D:7)
  2 phantoms
  4 bullfrogs
  A gnoll sergeant (D:6)
  2 kobold brigands
  4 scorpions
  A necrophage (D:7)
  15 wights
  2 electric eels (D:10)
  7 howler monkeys
  4 jellies
  4 orc priests
  A gnoll bouda (D:10)
  A hound (D:7)
  6 orc wizards
  3 iguanas
  Robin (D:3)
  14 gnolls
  8 adders
  A shadow imp (D:8)
  2 white imps (D:7)
  A worm (D:2)
  3 dart slugs
  40 orcs
  3 ball pythons
  3 bats
  5 endoplasms
  6 giant cockroaches
  20 goblins
  4 hobgoblins
  5 jackals
  5 quokkas
  10 frilled lizards
  A goblin skeleton (D:7)
  5 hobgoblin zombies (D:7)
  20 kobolds
  A kobold skeleton (D:7)
  3 orc skeletons (D:7)
  6 rats
281 creatures vanquished.

Vanquished Creatures (collateral kills)
  An orc warrior (D:11)
  A howler monkey (D:11)
  An orc (D:8)
3 creatures vanquished.

Vanquished Creatures (others)
  5 dream sheep (D:4)
  An orc warrior (D:9)
  A shadow imp (D:5)
  5 orcs
  A fungus (D:10)
  3 plants (D:8)
16 creatures vanquished.

Grand Total: 300 creatures vanquished

Notes
Turn   | Place    | Note
-------+----------+-------------------------------------------
     0 | D:1      | ThatPearl the Hill Orc Monk began the quest for the Orb.
     0 | D:1      | Reached XP level 1. HP: 19/19 MP: 1/1
   467 | D:1      | Reached XP level 2. HP: 27/27 MP: 2/2
   868 | D:2      | Reached XP level 3. HP: 19/34 MP: 3/3
  1058 | D:2      | Reached skill level 5 in Axes
  1575 | D:2      | Found a faded altar of an unknown god.
  1831 | D:3      | Found a runed translucent gate.
  1832 | D:3      | Found a runed translucent gate.
  1834 | D:3      | Found a runed translucent gate.
  1836 | D:3      | Noticed a kobold brigand
  1836 | D:3      | Noticed Gelion's ghost (amateur FoFi)
  1891 | D:3      | Reached XP level 4. HP: 39/41 MP: 4/4
  1999 | D:3      | Found an ornate altar of the Wu Jian Council.
  2110 | D:3      | Reached skill level 1 in Armour
  2133 | D:2      | Reached skill level 5 in Fighting
  2364 | D:3      | Reached XP level 5. HP: 24/48 MP: 5/5
  2732 | D:3      | Reached skill level 6 in Axes
  2743 | D:3      | Noticed Robin
  2813 | D:3      | Killed Robin
  3460 | D:4      | Found a runed translucent gate.
  3460 | D:4      | Found a runed translucent gate.
  3461 | D:4      | Found a runed translucent gate.
  3463 | D:4      | Noticed croobank's ghost (amateur GnFE)
  3464 | D:4      | Identified the +6 chain mail "Suin" {rC+ rCorr Int+2}
  3474 | D:4      | Found a roughly hewn altar of Beogh.
  3494 | D:4      | Reached XP level 6. HP: 32/56 MP: 6/6
  3509 | D:4      | Killed croobank's ghost
  3510 | D:4      | Reached skill level 7 in Axes
  3562 | D:4      | Became a worshipper of Beogh the Brigand
  3562 | D:4      | Reached * piety under Beogh
  3562 | D:4      | Reached ** piety under Beogh
  3677 | D:4      | Noticed Menkaure
  3694 | D:4      | Killed Menkaure
  3695 | D:4      | Reached skill level 1 in Invocations
  3695 | D:4      | Reached XP level 7. HP: 11/62 MP: 3/8
  4144 | D:4      | Found an ancient bone altar of Kikubaaqudgha.
  4166 | D:4      | Reached skill level 8 in Axes
  4295 | D:4      | Found a staircase to the Ecumenical Temple.
  4343 | D:4      | Noticed Blork the orc
  4460 | D:4      | Noticed a dream sheep
  4460 | D:4      | Noticed a dream sheep
  4460 | D:4      | Noticed a dream sheep
  4460 | D:4      | Noticed a dream sheep
  4460 | D:4      | Noticed a dream sheep
  4460 | D:4      | Found a shimmering altar of Xom.
  4463 | D:4      | Killed a dream sheep
  4463 | D:4      | Killed a dream sheep
  4463 | D:4      | Killed a dream sheep
  4463 | D:4      | Killed a dream sheep
  4464 | D:4      | Killed a dream sheep
  4515 | D:4      | Noticed Ijyb
  4772 | D:4      | You fall into a shaft and drop 1 floor!
  4772 | D:5      | Entered Level 5 of the Dungeon
  4856 | D:4      | Reached XP level 8. HP: 71/71 MP: 6/10
  5182 | D:4      | Reached skill level 9 in Axes
  5215 | D:5      | Noticed Sigmund
  5754 | D:5      | Reached skill level 10 in Axes
  5760 | D:5      | HP: 4/109 [orc/+0 war axe (3)]
  5762 | D:5      | Reached skill level 5 in Armour
  6204 | D:5      | Reached XP level 9. HP: 79/79 MP: 12/12
  6348 | D:5      | Reached skill level 5 in Invocations
  6451 | D:5      | Killed Sigmund
  6835 | D:6      | Reached skill level 11 in Axes
  6843 | D:6      | HP: 5/117 [gnoll/+0 spear[a gnoll sergeant] (2)]
  7717 | D:6      | Found a blossoming altar of Fedhas.
  8007 | D:7      | Found an opulent altar of Gozag.
  8041 | D:7      | Found a glowing golden altar of the Shining One.
  8262 | D:7      | Found a sparkling altar of Nemelex Xobeh.
  8385 | D:7      | Noticed a deep elf pyromancer
  8392 | D:7      | Reached skill level 12 in Axes
  8394 | D:7      | Killed a deep elf pyromancer
  8395 | D:7      | Reached XP level 10. HP: 51/90 MP: 13/15
  8632 | D:7      | Noticed a gargoyle
  8662 | D:7      | Killed a gargoyle
  9083 | D:8      | Noticed a cyclops
  9371 | D:7      | Found a radiant altar of Vehumet.
  9372 | D:7      | Found a broken altar of Ashenzari.
  9555 | D:7      | Found a stormy altar of Qazlal.
  9750 | D:8      | Killed a cyclops
  9751 | D:8      | Reached skill level 13 in Axes
  9802 | D:8      | Noticed Pikel
  9813 | D:8      | Killed Pikel
  9998 | D:8      | Found an iron altar of Okawaru.
 10000 | D:8      | Identified a scroll of acquirement
 10001 | D:8      | Acquired a ring of poison resistance
 10014 | D:8      | Reached *** piety under Beogh
 10552 | D:8      | Found a runed translucent gate.
 10552 | D:8      | Found a runed translucent gate.
 10552 | D:8      | Found a runed translucent gate.
 10553 | D:8      | Noticed an 11-headed hydra
 10554 | D:8      | Noticed SirLogeyBear's ghost (novice HOBe)
 10554 | D:8      | Noticed an 11-headed hydra
 10996 | D:9      | Reached skill level 14 in Axes
 11107 | D:9      | Reached XP level 11. HP: 92/98 MP: 17/17
 11189 | D:9      | Reached skill level 10 in Fighting
 11219 | D:9      | Noticed a +0 short sword
 11220 | D:9      | Noticed a +0 short sword
 11220 | D:9      | Noticed a +0 spear
 11221 | D:9      | Noticed a +0 spear
 11221 | D:9      | Noticed a +0 dagger
 11222 | D:9      | Noticed a +0 falchion
 11223 | D:9      | Noticed a +0 dagger
 11223 | D:9      | Noticed a +0 falchion
 11226 | D:9      | Found a hide-covered altar of Uskayaw.
 11327 | D:9      | Found a bloodstained altar of Trog.
 11426 | D:10     | Entered Level 10 of the Dungeon
 11632 | D:10     | Found a white marble altar of Elyvilon.
 11666 | D:10     | Reached **** piety under Beogh
 11904 | D:10     | Noticed Lodul
 12299 | D:10     | Reached skill level 15 in Axes
 12340 | D:10     | Found a staircase to the Lair.
 12749 | D:10     | Noticed a two-headed ogre
 12757 | D:10     | Killed a two-headed ogre
 12890 | D:11     | Found a staircase to the Orcish Mines.
 12959 | D:11     | Gained Boldo as an ally
 12963 | D:11     | Reached skill level 10 in Invocations
 12969 | D:11     | Killed from afar by a gargoyle

Illustrated notes

Levels and vault maps discovered:
D:1:      dpeg_arrival_more_subterranean_lakeside_camping, layout_rooms
D:2:      layout_loops_cross, chequers_ecumenical_altar_simple
D:3:      layout_rooms, mainiacjoe_overflow_concentric_impassable,
          gammafunk_ghost_nasty_kobolds, moated_statue,
          nicolae_figureground_pulse, uniq_robin
D:4:      layout_loops_ring, overflow_temple_1_default, kb_xom_exploding_sheep,
          minmay_temple_entry_butterflies, biasface_ghost_orc_armoury,
          uniq_blork_the_orc, uniq_menkaure, uniq_ijyb
D:5:      layout_rooms, uniq_sigmund
D:6:      layout_loops_corners, mainiacjoe_overflow_paths
D:7:      layout_basic, jmf_multi_god_temple, nicolae_tso_besieged_by_evil,
          mainiacjoe_overflow_alcove_4, nicolae_gozag_seed_capital,
          general_overflow_altar, serial_curves, eino_curves_02, eino_curves_04,
          eino_curves_02, minmay_chambers_of_fives
D:8:      layout_layer_cave, mainiacjoe_overflow_brackets,
          gammafunk_ghost_hydra_chop, minmay_misc_feat_rows,
          dk_rats_in_the_wall, uniq_pikel
D:9:      layout_roguey, lemuel_doored_altar, nicolae_uskayaw_en_pointe,
          item_on_display_a
D:10:     layout_basic, elyvilon_altar_4, david_lair_generic,
          chequers_serial_rivers_micro_c, nicolae_underground_beach, uniq_lodul
D:11:     cheibrodos_barr_body, layout_long_grid, orc_0_dummy

Skill      XL: |  1  2  3  4  5  6  7  8  9 10 11 |
---------------+----------------------------------+-----
Fighting       | 4 5 6 7 8 9 10 | 10.9
Axes           | 5 6 7 8 10 12 14 15 | 15.6
Armour         | 1 2 3 5 6 7 8 |  8.9
Invocations    | 1 3 4 7 8 10 | 10.0
Dodging        | |  2.4
Stealth        | |  1.5

Action                   |  1- 3 |  4- 6 |  7- 9 | 10-12 || total
-------------------------+-------+-------+-------+-------++-------
Melee: Hand axe          |   129 |   202 |   247 |       ||   578
       Punch             |       |     2 |     7 |     3 ||    12
       War axe           |       |       |   112 |   145 ||   257
       Battleaxe         |       |       |       |   166 ||   166
 Fire: Sling             |    10 |       |       |       ||    10
Throw: Stone             |       |       |     2 |       ||     2
       Javelin           |       |       |     4 |       ||     4
       Boomerang         |       |       |       |     8 ||     8
Invok: Smiting           |       |     1 |     9 |       ||    10
Evoke: Wand              |       |       |     8 |     1 ||     9
  Use: Potion            |       |     1 |     4 |       ||     5
       Scroll            |       |       |    10 |     7 ||    17
 Stab: Sleeping          |     1 |       |       |       ||     1
       Invisible         |       |       |     1 |     1 ||     2
Armor: Robe              |     5 |       |       |       ||     5
       Scale mail        |    38 |    58 |       |       ||    96
       Chain mail        |       |     7 |   229 |   208 ||   444
       Skin              |       |       |     5 |       ||     5
Dodge: Dodged            |    61 |    92 |   123 |    97 ||   373
       Repelled          |       |       |     2 |     5 ||     7
